 Dungeon Crawl Stone Soup version 0.29.1-15-g9cfb28693d (webtiles) character file.

Game seed: 16985963392913760856

95 Cheops the Poker (level 4, -1/33 HPs)
             Began as a Merfolk Gladiator on Mar 20, 2023.
             Slain by Grinder (5 damage)
             ... while paralysed by Grinder
             ... on level 3 of the Dungeon.
             The game lasted 00:02:38 (2538 turns).

Cheops the Poker (Merfolk Gladiator)                Turns: 2538, Time: 00:02:39

Health: -1/33      AC:  4    Str: 16    XL:     4   Next: 66%
Magic:  4/4        EV:  2    Int:  7    God:
Gold:   132        SH:  0    Dex: 15    Spells: 3/3 levels left

rFire   . . .      SeeInvis .   a - +0 trident
rCold   . . .      Faith    .   (no shield)
rNeg    . . .      Spirit   .   b - +0 leather armour
rPois   .          Reflect  .   c - +0 helmet
rElec   .          Harm     .   (no cloak)
rCorr   .          Rampage  .   (no gloves)
Will    .....                   (no boots)
Stlth   +.........              (no amulet)
HPRegen 0.11/turn               (no ring)
MPRegen 0.09/turn               (no ring)

@: paralysed
A: (nimble swimmer 2), mertail
a: no special abilities


You were on level 3 of the Dungeon.
You visited 1 branch of the dungeon, and saw 3 of its levels.

You collected 132 gold pieces.

Inventory:

Hand Weapons
 a - a +0 trident (weapon)
Missiles
 d - 3 throwing nets (quivered)
 e - a javelin
Armour
 b - a +0 leather armour (worn)
 c - a +0 helmet (worn)
Jewellery
 i - a ring of flight
Scrolls
 f - 4 scrolls of identify {unknown}
 k - a scroll of magic mapping {unknown}
 m - a scroll of torment {unknown}
 o - a scroll of teleportation {unknown}
Potions
 g - a potion of attraction {unknown}
 h - 2 potions of invisibility {unknown}
 j - 3 potions of heal wounds {unknown}
 l - 2 potions of degeneration {unknown}
 n - a potion of mutation {unknown}


   Skills:
 - Level 2.1 Fighting
 + Level 7.0 Polearms
 - Level 2.0 Throwing
 - Level 4.0 Dodging


You had 3 spell levels left.
You didn't know any spells.
Your spell library contained the following spells:

 Spells                   Type           Power      Damage    Failure   Level
 Sublimation of Blood     Necr           0%         N/A       65%         2
 Wereblood                Tmut           0%         N/A       65%         2
 Summon Hydra             Summ           0%         N/A       100%        7


Dungeon Overview and Level Annotations

Branches:
Dungeon (3/15)

Altars:

Annotations:
D:3 1 runed translucent door, Grinder; Seidenschwarz's ghost, weakling MiFi


Innate Abilities, Weirdness & Mutations

((You are very nimble when in or above water. (Stealth+, EV+, Speed+++)))
Your lower body shifts to a powerful aquatic tail in water.


Message History

Grinder misses you.
You barely miss Grinder.
Grinder is heavily wounded.
Grinder gestures at you. Pain shoots through your body!
You closely miss Grinder.
Grinder is heavily wounded.
Grinder hits you.
You writhe in agony.
You barely miss Grinder.
Grinder is heavily wounded.
Grinder misses you.
You puncture Grinder!
Grinder is severely wounded.
You barely miss Grinder.
Grinder is severely wounded.
Grinder misses you.
You hit Grinder but do no damage.
Grinder is severely wounded.
Grinder says, "What is the universe for?"
Grinder blinks!
Grinder grins, showing sharp teeth.
Grinder says, "I used to sell toenails on the black market."
Reach: a) +0 trident
Press: ? - help, Dir - move target, f - Grinder
Aim: Grinder (severely wounded, about 42% to evade your +0 trident)
You reach to attack!
You puncture Grinder!
Grinder is almost dead.
You closely miss Grinder.
Grinder is almost dead.
Grinder barely misses you.
You closely miss Grinder.
Grinder is almost dead.
Grinder gestures at you.
You suddenly lose the ability to move!
Grinder hits you!
* * * LOW HITPOINT WARNING * * *
You writhe in agony.
* * * LOW HITPOINT WARNING * * *
Grinder hits you.
You die...

#.# #.# #.# #.#
##+## #.# ##...##
#.# ##..@..## #.#
#...5...## ##.##
#.........####...##
+.........'.......#
#.........####....#
##.......## ##.#.#
##.....## ###.#
##...## #.# ##+#
#.#


You could see Grinder.

Vanquished Creatures
  4 adders
  A worm (D:3)
  2 dart slugs
  An orc (D:3)
  6 endoplasms
  4 giant cockroaches
  3 goblins (D:1)
  3 hobgoblins
  4 jackals (D:3)
  A quokka (D:1)
  7 ball pythons
  7 bats
  A frilled lizard (D:1)
  3 kobolds (D:1)
  4 rats (D:1)
51 creatures vanquished.

Notes
Turn   | Place    | Note
-------+----------+-------------------------------------------
     0 | D:1      | Cheops the Merfolk Gladiator began the quest for the Orb.
     0 | D:1      | Reached XP level 1. HP: 16/16 MP: 1/1
   160 | D:1      | Reached XP level 2. HP: 22/22 MP: 2/2
   303 | D:1      | Found a faded altar of an unknown god.
   318 | D:1      | Reached skill level 5 in Polearms
   669 | D:1      | Reached XP level 3. HP: 27/27 MP: 3/3
  1097 | D:2      | Reached skill level 6 in Polearms
  1624 | D:3      | Reached XP level 4. HP: 25/33 MP: 4/4
  1917 | D:3      | Found a runed translucent door.
  2327 | D:3      | Noticed Seidenschwarz's ghost (weakling MiFi)
  2389 | D:3      | Reached skill level 7 in Polearms
  2514 | D:3      | Noticed Grinder
  2536 | D:3      | Paralysed by Grinder for 4 turns
  2538 | D:3      | Slain by Grinder

Illustrated notes

Levels and vault maps discovered:
D:1:      dpeg_arrival_houses_and_road, layout_loops_ring,
          chequers_ecumenical_altar_twisty, chequers_serial_rivers_small_a,
          minmay_misc_feat_nine_boxes, minmay_tiny_reverse_x
D:2:      layout_loops_ring
D:3:      layout_loops_corners, lemuel_coloured_pillars_altar,
          ebering_ghost_sewer_d, uniq_grinder

Skill      XL: |  1  2  3  4 |
---------------+-------------+-----
Polearms       | 5 6 7 |  7.0
Fighting       | |  2.1
Throwing       | |  2.0
Dodging        | |  4.0

Action                   |  1- 3 |  4- 6 || total
-------------------------+-------+-------++-------
Melee: Trident           |   103 |    78 ||   181
       Punch             |     3 |       ||     3
 Stab: Sleeping          |     3 |     1 ||     4
Armor: Leather armour    |    25 |    19 ||    44
Dodge: Dodged            |    46 |    51 ||    97
